 Dungeon Crawl Stone Soup version 0.27.0-1-g7a089689b8 (webtiles) character file.

Game seed: 2573102341238786523

194 Crownlay the Covert (level 5, -2/34 HPs)
             Began as an Octopode Brigand on Aug 12, 2021.
             Slain by a sky beast (6 damage)
             ... on level 4 of the Dungeon.
             The game lasted 00:04:11 (3510 turns).

Crownlay the Covert (Octopode Brigand)              Turns: 3510, Time: 00:04:11

Health: -2/34      AC:  1    Str: 10    XL:     5   Next: 73%
Magic:  5/5        EV: 12    Int: 14    God:
Gold:   110        SH:  0    Dex: 14    Spells: 4/4 levels left

rFire    . . .     SeeInvis .   a - +2 dagger
rCold    . . .     Faith    .   (no shield)
rNeg     . . .     Spirit   .   (helmet restricted)
rPois    .         Reflect  .   (no amulet)
rElec    .         Harm     .   (no ring)
rCorr    .         Rampage  .   (no ring)
Will     .....                  (no ring)
Stlth    +++++.....             (no ring)
HPRegen  0.11/turn              (no ring)
MPRegen  0.09/turn              (no ring)
                                (no ring)
                                (no ring)

@: no status effects
A: almost no armour, amphibious, 8 rings, camouflage 1, gelatinous body 1,
(nimble swimmer 1), tentacles
a: no special abilities


You were on level 4 of the Dungeon.
You visited 1 branch of the dungeon, and saw 4 of its levels.

You collected 110 gold pieces.

Inventory:

Hand Weapons
 a - a +2 dagger (weapon)
Missiles
 b - 9 poisoned darts (quivered)
 c - 2 curare-tipped darts
Jewellery
 m - a ring of see invisible
Scrolls
 d - a scroll of enchant armour {unknown}
 e - a scroll of immolation {unknown}
 g - a scroll of identify {unknown}
 h - a scroll of teleportation {unknown}
 i - a scroll of fog {unknown}
 l - a scroll of fear {unknown}
 p - a scroll of noise {unknown}
Potions
 f - 2 potions of haste {unknown}
 j - 2 potions of heal wounds {unknown}
 k - 2 potions of cancellation {unknown}
 n - a potion of curing {unknown}
 o - a potion of brilliance {unknown}
 q - 2 potions of attraction {unknown}
 r - a potion of flight {unknown}


   Skills:
 - Level 2.0 Fighting
 - Level 2.0 Short Blades
 - Level 2.0 Throwing
 - Level 1.0 Dodging
 + Level 9.5 Stealth


You had 4 spell levels left.
You didn't know any spells.
Your spell library contained the following spells:

 Spells                   Type           Power      Damage    Failure   Level
 Shock                    Conj/Air       0%         1d3       28%         1
 Ignite Poison            Fire/Tmut/Pois 0%         N/A       65%         3
 Mephitic Cloud           Conj/Pois/Air  0%         N/A       65%         3
 Swiftness                Air            0%         N/A       65%         3
 Airstrike                Air            0%         N/A       96%         4
 Bolt of Magma            Conj/Fire/Erth 0%         4d4       100%        5


Dungeon Overview and Level Annotations

Branches:
Dungeon (4/15)
 Temple: D:4-7

Altars:
Lugonu

Shops:
D:4 [

Portals:
Abyss: D:1


Innate Abilities, Weirdness & Mutations

You cannot wear most types of armour.
You are amphibious.
You can wear up to eight rings at the same time.
Your skin changes colour to match your surroundings (Stealth+).
Your rubbery body absorbs attacks. (AC +1, EV +1)
((You are camouflaged near water. (Stealth+)))
You have tentacles for arms and can constrict up to eight enemies at once.


Message History

Press: ? - help, Q - select action, (/) - cycle Shift-Dir - straight line You throw a poisoned dart.
Throw: 13 darts (poison)
Press: ? - help, Q - select action, (/) - cycle Shift-Dir - straight line You throw a poisoned dart.
A sky beast appears from thin air!
Reactivating autopickup.
Throw: 12 darts (poison)
Press: ? - help, Q - select action, (/) - cycle Shift-Dir - straight line, f - sky beast
Aim: a sky beast (lightly wounded, very poisoned, 50% to hit)
You throw a poisoned dart.
The poisoned dart closely misses the sky beast.
Throw: 11 darts (poison)
Press: ? - help, Q - select action, (/) - cycle Shift-Dir - straight line, f/p - sky beast
Aim: a sky beast (lightly wounded, very poisoned, 50% to hit)
You throw a poisoned dart. The poisoned dart hits the sky beast.
The sky beast looks even sicker.
The sky beast is lightly wounded.
Throw: 10 darts (poison)
Press: ? - help, Q - select action, (/) - cycle Shift-Dir - straight line, f/p - sky beast
Aim: a sky beast (lightly wounded, very poisoned, 50% to hit)
You throw a poisoned dart.
The poisoned dart closely misses the sky beast.
The sky beast misses you.
Found 10 gold pieces.
You closely miss the sky beast.
The sky beast is lightly wounded.
The sky beast hits you. The sky beast shocks you.
You hit the sky beast. You squeeze the sky beast.
The sky beast is heavily wounded.
The sky beast flickers out of sight!
Deactivating autopickup; reactivate with Ctrl-A.
Something hits you. Something shocks you.
You miss something. Your squeeze misses something. Something hits you.
Something shocks you.
* * * LOW HITPOINT WARNING * * *
You closely miss something. You squeeze something. Something hits you.
* * * LOW HITPOINT WARNING * * *
Something shocks you.
You die...

#.#.# .#((
... .... ...
.<# ..#
..##..#
#(....###
#{#....$.
#@..#.#
#...#.#
########..#.#
..........#)#
..........#.#
..####.#...#
#.##).#
#.....#######
+...........#


There were no monsters in sight!

Vanquished Creatures
  3 gnolls (D:3)
  8 adders
  3 worms
  4 dart slugs
  An orc (D:3)
  4 ball pythons
  6 endoplasms
  A giant cockroach (D:1)
  8 goblins
  2 hobgoblins
  13 jackals
  4 quokkas
  3 bats
  7 frilled lizards
  4 kobolds
  5 rats
76 creatures vanquished.

Vanquished Creatures (others)
  2 fungi (D:2)
  3 plants (D:2)
5 creatures vanquished.

Grand Total: 81 creatures vanquished

Notes
Turn   | Place    | Note
-------+----------+-------------------------------------------
     0 | D:1      | Crownlay the Octopode Brigand began the quest for the Orb.
     0 | D:1      | Reached XP level 1. HP: 14/14 MP: 1/1
   175 | D:1      | Reached skill level 6 in Stealth
   175 | D:1      | Reached XP level 2. HP: 19/19 MP: 2/2
   698 | D:1      | Reached XP level 3. HP: 10/24 MP: 3/3
  1284 | D:1      | Found a corrupted altar of Lugonu.
  1284 | D:1      | Found a one-way gate to the infinite horrors of the Abyss.
  1287 | D:1      | Reached skill level 7 in Stealth
  1574 | D:2      | Reached XP level 4. HP: 26/29 MP: 4/4
  2148 | D:2      | Found a faded altar of an unknown god.
  2217 | D:2      | Reached skill level 8 in Stealth
  2512 | D:3      | Reached XP level 5. HP: 27/34 MP: 5/5
  3072 | D:3      | Reached skill level 9 in Stealth
  3322 | D:4      | Found Teorhue's Antique Armour Emporium.
  3499 | D:4      | Noticed a sky beast
  3510 | D:4      | Slain by a sky beast

Illustrated notes

Levels and vault maps discovered:
D:1:      erik_arrival_cave_to_civilisation [erik_arrival_cave_to_temple],
          layout_loops_corners, glass_columns_c, minmay_misc_feat_diagonals,
          minmay_distorted
D:2:      layout_basic, dreamdust_ecumenical_altar_grove
D:3:      layout_rooms
D:4:      layout_basic, lightli_temple_of_fire,
          minmay_overflow_temple_star_quad, minmay_temple_entry_hall,
          serial_shops, nicolae_shop_trees, dk_noncrumbling_2

Skill      XL: |  1  2  3  4  5 |
---------------+----------------+-----
Stealth        | 6 7 8 9 |  9.5
Fighting       | |  2.0
Short Blades   | |  2.0
Throwing       | |  2.0
Dodging        | |  1.0

Action                   |  1- 3 |  4- 6 || total
-------------------------+-------+-------++-------
Melee: Dagger            |    57 |    90 ||   147
       Constrict         |    11 |    21 ||    32
       Tentacles         |     6 |    18 ||    24
Throw: Dart              |       |    20 ||    20
 Stab: Sleeping          |    14 |    16 ||    30
       Distracted        |       |     1 ||     1
Armor: Skin              |       |     1 ||     1
Dodge: Dodged            |    25 |    29 ||    54
